 Dungeon Crawl Stone Soup version 0.30-a0-696-g2367cd04db (webtiles) character file.

Game seed: 2980105110681921665

271 PyroL the Magician (level 6, -1/47 HPs)
             Began as a Djinni Conjurer on Jan 21, 2023.
             Slain by a gnoll
             ... wielding a +0 flail
              (6 damage)
             ... on level 4 of the Dungeon.
             The game lasted 00:06:16 (3032 turns).

PyroL the Magician (Djinni Conjurer)                Turns: 3032, Time: 00:06:17

Health: -1/47      AC:  3    Str:  6    XL:     6   Next: 47%
Gold:   210        EV: 12    Int: 22    God:
                   SH:  0    Dex: 11

rFire   + + .      SeeInvis .    o - +1 dagger (vamp)
rCold   x . .      Faith    .    (no shield)
rNeg    . . .      Spirit   .    i - +0 robe {Will+}
rPois   ∞          Reflect  .    (no helmet)
rElec   .          Harm     .    s - +0 cloak
rCorr   .          Rampage  .    (no gloves)
Will    +....                    (boots unavailable)
Stlth   ++                       (no amulet)
HPRegen 0.27/turn                r - ring of wizardry
MPRegen 0.00/turn                (no ring)

@: flying
A: sickness immunity, fire resistance 2, cold vulnerability 1, float, innate
caster, HP casting, extra vitality 1
a: no special abilities


You were on level 4 of the Dungeon.
You visited 1 branch of the dungeon, and saw 5 of its levels.

You collected 210 gold pieces.

Inventory:

Hand Weapons
 o - a +1 vampiric dagger (weapon)
Missiles
 t - 4 atropa-tipped darts
 v - 4 poisoned darts
Armour
 i - a +0 robe of willpower (worn)
 s - a +0 cloak (worn)
Jewellery
 r - a ring of wizardry (left hand)
Wands
 j - a wand of charming (21)
Scrolls
 c - 2 scrolls of blinking {unknown}
 d - a scroll of vulnerability {unknown}
 g - a scroll of poison {unknown}
 h - 3 scrolls of enchant weapon {unknown}
 k - a scroll of fear {unknown}
 l - 3 scrolls of enchant armour {unknown}
 m - 3 scrolls of teleportation {unknown}
 x - a scroll of noise {unknown}
Potions
 a - 3 potions of heal wounds {unknown}
 b - a potion of magic
 e - 3 potions of invisibility
 f - 2 potions of curing
 n - 2 potions of might {unknown}
 p - a potion of berserk rage {unknown}
 q - a potion of attraction {unknown}
 u - 2 potions of haste {unknown}
 w - a potion of mutation {unknown}


   Skills:
 + Level 4.0 Fighting
 - Level 2.1 Dodging
 - Level 1.5 Stealth
 + Level 4.6 Spellcasting


You couldn't memorise any spells.
You knew the following spells:

 Your Spells              Type           Power      Damage    Failure   Level
a - Magic Dart            Conj           100%       1d8       1%          1
b - Searing Ray           Conj           50%        2d6       1%          2
c - Dazzling Flash        Conj/Hex       50%        N/A       1%          3
d - Fulminant Prism       Conj/Hex       12%        3d9       6%          4
e - Iskenderun's Mystic   Conj/Tloc      25%        2d7       6%          4
f - Necrotise             Necr           100%       1d9       1%          1
g - Scorch                Fire           50%        2d7       1%          2
Your spell library was empty.

Dungeon Overview and Level Annotations

Branches:
Dungeon (5/15)
 Temple: D:4-7

Altars:
Ru

Shops:
D:1 *


Innate Abilities, Weirdness & Mutations

You are immune to sickness and miasma.
You are immune to poison.
Your flesh is very heat resistant. (rF++)
You are vulnerable to cold. (rC-)
You float through the air rather than walking.
You learn spells naturally, not from books.
Your magical power is your life essence.
You have superior vitality. (+4 MHP)


Message History

Casting: Iskenderun's Mystic Blast (dangerous; 6% risk of failure)
Confirm with . or Enter, or press ? or * to list all spells.
Flames lash the gnoll.
You kill the gnoll!
An orc comes into view. It is wielding a +0 heavy falchion.
The gnoll hits you with a +0 flail.
Casting: Scorch (safe; 1% risk of failure)
Confirm with . or Enter, or press ? or * to list all spells.
Flames lash the gnoll.
The gnoll is moderately wounded.
The gnoll's fire resistance burns away.
The hound bites you but does no damage. The gnoll barely misses you.
The hound bites you.
* * * LOW HITPOINT WARNING * * *
The hound bites you but does no damage. The gnoll hits you with a +0 flail!
* * * LOW HITPOINT WARNING * * *
The gnoll hits you with a +0 flail.
* * * LOW HITPOINT WARNING * * *
You fly upwards.
There is a stone staircase leading down here.
You closely miss the gnoll. You punch the gnoll.
You kill the gnoll!
The gnoll completely misses you.
Casting: Scorch (safe; 1% risk of failure)
Confirm with . or Enter, or press ? or * to list all spells.
Aiming: Searing Ray (safe; 1% risk of failure)
Press: ? - help, Shift-Dir - straight line, f - hound
Aim: a hound (71% to hit)
The searing ray hits the gnoll.
The gnoll is heavily wounded.
The searing ray hits the hound!
The hound is heavily wounded. (Press . to maintain the ray.)
* * * LOW HITPOINT WARNING * * *
The gnoll hits you with a +0 flail.
* * * LOW HITPOINT WARNING * * *
You hit the gnoll.
You feel better.
The gnoll is severely wounded.
The gnoll hits you with a +0 flail.
You die...

#..#
#.#.########.###.).....
#..# #.........##.#
#..##### #.<#
###.#####.##.# #....#
###..###### #.# #.##)#
##.#.# ..........# #.#
##.##.# #.#.#
.....####.#
#.####...#.####.#.#
####.# #.#
#........[......#.# #.#
#.########...#.######.#
#.#
#......)@gh......([...#
#.#
#######################
####.# .....# ######


You could see a hound and a gnoll.

Vanquished Creatures
  An ogre (D:4)
  An iguana (D:4)
  An orc wizard (D:4)
  2 gnolls
  3 adders
  A worm (D:4)
  2 dart slugs (D:4)
  4 orcs (D:4)
  5 bats
  13 endoplasms
  2 giant cockroaches
  8 goblins
  8 hobgoblins (D:1)
  6 jackals
  A kobold (D:2)
  2 quokkas (D:2)
  8 ball pythons
  2 frilled lizards
  4 rats
74 creatures vanquished.

Vanquished Creatures (others)
  A fulminant prism (D:4)
1 creature vanquished.

Grand Total: 75 creatures vanquished

Notes
Turn   | Place    | Note
-------+----------+-------------------------------------------
     0 | D:1      | PyroL the Djinni Conjurer began the quest for the Orb.
     0 | D:1      | PyroL set off with the following spells memorised: Magic
                  | Dart, Searing Ray, Dazzling Flash, Fulminant Prism,
                  | Iskenderun's Mystic Blast.
     0 | D:1      | Reached XP level 1. HP: 15/15 MP: 0/0
    18 | D:1      | Found Juplurau's Assorted Antiques.
   233 | D:1      | Reached skill level 1 in Fighting
   233 | D:1      | Reached XP level 2. HP: 16/22 MP: 0/0
   641 | D:1      | Reached XP level 3. HP: 25/27 MP: 0/0
   641 | D:1      | Learned a level 1 spell: Necrotise
  1154 | D:2      | Reached XP level 4. HP: 32/33 MP: 0/0
  1157 | D:2      | Found a sacrificial altar of Ru.
  2324 | D:4      | Reached XP level 5. HP: 37/40 MP: 0/0
  2324 | D:4      | Learned a level 2 spell: Scorch
  2381 | D:4      | Noticed an ogre
  2387 | D:4      | Killed an ogre
  2575 | D:4      | Reached XP level 6. HP: 44/46 MP: 0/0
  3024 | D:5      | Entered Level 5 of the Dungeon
  3032 | D:4      | Slain by a gnoll

Illustrated notes

Levels and vault maps discovered:
D:1:      minmay_arrival_jagged, layout_basic, serial_shops, shop_coins,
          chequers_serial_rivers_large_b, st_stairs_10,
          chequers_serial_rivers_small_b, minmay_misc_feat_tower
D:2:      layout_rooms, basic_altar, nicolae_figureground_sparkle
D:3:      layout_loops_ring, chequers_serial_rivers_room_b, dk_vineyard_3
D:4:      layout_loops_ring
D:5:      layout_gridville, minmay_temple_entry_waves

Skill      XL: |  1  2  3  4  5  6 |
---------------+-------------------+-----
Fighting       | 1 2 3 4 |  4.0
Spellcasting   | 4 |  4.6
Dodging        | |  2.1
Stealth        | |  1.5

Action                   |  1- 3 |  4- 6 || total
-------------------------+-------+-------++-------
Melee: Unarmed           |     4 |       ||     4
       Dagger            |       |     7 ||     7
       Punch             |       |     1 ||     1
 Cast: Magic Dart        |    82 |    82 ||   164
       Searing Ray       |     1 |     6 ||     7
       Fulminant Prism   |       |     1 ||     1
       Scorch            |       |     2 ||     2
       Iskenderun's Myst |       |     1 ||     1
  Use: Scroll            |     2 |       ||     2
Armor: Robe              |     3 |     2 ||     5
Dodge: Dodged            |    15 |    21 ||    36

Table legend: (Time is in decaauts)
 A = Elapsed time spent in this place.
 B = Non-inter-level travel time spent in this place.
 C = Inter-level travel time spent in this place.
 D = Time resting spent in this place.
 E = Time spent auto-exploring this place.
 F = Levels seen in this place.
 G = Mean time per level.
                   A        B        C        D        E       F      G
               +--------+--------+--------+--------+--------+-----+--------+
         Total |   3030 |   2914 |    116 |     88 |   2422 |   5 |  606.0 |
       Dungeon |   3030 |   2914 |    116 |     88 |   2422 |   5 |  606.0 |
               +--------+--------+--------+--------+--------+-----+--------+

Top non-repeatable levels by time:
     D:1: 986 daAuts
     D:4: 805 daAuts
     D:3: 623 daAuts
     D:2: 610 daAuts
     D:5: 4 daAuts
